 Dungeon Crawl Stone Soup version 0.26.0-10-g1f06aea511 (webtiles) character file.

Game seed: 11957100233954913156

74 Borgoz the Slasher (level 4, -9/36 HPs)
             Began as a Ghoul Gladiator on Jan 18, 2021.
             Mangled by an ogre
             ... wielding a +0 giant spiked club
              (24 damage)
             ... on level 2 of the Dungeon.
             The game lasted 00:00:52 (954 turns).

Borgoz the Slasher (Ghoul Gladiator)                 Turns: 954, Time: 00:00:53

Health: -9/36      AC:  4    Str: 17    XL:     4   Next: 28%
Magic:  3/3        EV: 12    Int:  3    God:
Gold:   63         SH:  0    Dex: 11    Spells: 3/3 levels left

rFire    . . .     SeeInvis .   a - +0 long sword
rCold    + . .     Faith    .   (no shield)
rNeg     + + +     Spirit   .   b - +0 leather armour
rPois    ∞         Reflect  .   c - +0 helmet
rElec    .         Harm     .   (no cloak)
rCorr    .         Rampage  .   (no gloves)
Will     .....                  (no boots)
Stlth    +.........             (no amulet)
HPRegen  0.00/turn              (no ring)
MPRegen  0.08/turn              (no ring)

@: no status effects
A: claws 1, cold resistance 1, negative energy resistance 3, inhibited
regeneration, torment resistance, unbreathing
a: no special abilities


You were on level 2 of the Dungeon.
You visited 1 branch of the dungeon, and saw 2 of its levels.

You collected 63 gold pieces.

Inventory:

Hand Weapons
 a - a +0 long sword (weapon)
Armour
 b - a +0 leather armour (worn)
 c - a +0 helmet (worn)
Scrolls
 f - a scroll of identify {unknown}
 g - a scroll of enchant armour {unknown}
 i - a scroll of blinking {unknown}
 k - a scroll of immolation {unknown}
 l - a scroll of teleportation {unknown}
 m - a scroll of fog {unknown}
Potions
 e - a potion of flight {unknown}
 h - a potion of might {unknown}
 j - a potion of curing {unknown}
 n - a potion of ambrosia {unknown}


   Skills:
 - Level 2.1 Fighting
 * Level 3.7 Long Blades
 - Level 1.7 Throwing
 + Level 1.4 Armour
 + Level 3.2 Dodging


You had 3 spell levels left.
You didn't know any spells.
Your spell library was empty.

Dungeon Overview and Level Annotations

Branches:
Dungeon (2/15)

Altars:
Nemelex Xobeh


Innate Abilities, Weirdness & Mutations

You thrive by killing the living.
You are immune to poison.
You have sharp fingernails.
Your flesh is cold resistant. (rC+)
You are immune to negative energy. (rN+++)
You do not regenerate when monsters are visible.
You are immune to unholy pain and torment.
You can survive without breathing.


Message History

You are too injured to fight recklessly!
You hit the ogre.
The ogre is lightly wounded.
The ogre struggles against the net. x2
You hit the ogre.
The ogre is moderately wounded.
The ogre struggles against the net.
You hit the ogre.
The ogre is heavily wounded.
The ogre struggles against the net.
You slash the ogre!
The ogre is severely wounded.
The ogre struggles against the net.
You hit the ogre.
The ogre is almost dead.
The ogre struggles against the net.
The net rips apart, and the ogre comes free!
The ogre hits you with a +0 giant spiked club!!
Ouch! That really hurt!
You die...

......... (...........#
#........ ............#
......... ....^.......
......... ...........#
......... ...........###
......... .............#
.........
......O......#..........
.......@.....#..........
.............#..........
##....###....#..........
#.... #....# #........
#... #....# #........
#... #....# #........
#... ##....###........
#.... #....(...........
....#............###.


You could see an ogre.

Vanquished Creatures
  A scorpion (D:2)
  An adder (D:2)
  2 giant cockroaches
  2 goblins (D:1)
  3 hobgoblins (D:1)
  3 bats
  A frilled lizard (D:1)
  3 kobolds (D:1)
  A rat (D:1)
17 creatures vanquished.

Notes
Turn   | Place    | Note
-------+----------+-------------------------------------------
     0 | D:1      | Borgoz the Ghoul Gladiator began the quest for the Orb.
     0 | D:1      | Reached XP level 1. HP: 17/17 MP: 0/0
   197 | D:1      | Reached XP level 2. HP: 4/24 MP: 1/1
   718 | D:2      | Found a sparkling altar of Nemelex Xobeh.
   785 | D:2      | Noticed a scorpion
   795 | D:2      | Killed a scorpion
   796 | D:2      | Reached skill level 1 in Armour
   796 | D:2      | Reached XP level 3. HP: 21/29 MP: 2/2
   796 | D:2      | Reached XP level 4. HP: 26/36 MP: 3/3
   945 | D:2      | Noticed an ogre
   954 | D:2      | Mangled by an ogre

Illustrated notes

Levels and vault maps discovered:
D:1:      lemuel_arrival_hallway, layout_rooms
D:2:      layout_basic, nicolae_overflow_crystal_walls

Skill      XL: |  1  2 |
---------------+-------+-----
Long Blades    | 3 |  3.7
Armour         | 1 |  1.4
Dodging        | 3 |  3.2
Fighting       | |  2.1
Throwing       | |  1.7

Action                   |  1- 3 |  4- 6 || total
-------------------------+-------+-------++-------
Melee: Long sword        |    38 |    11 ||    49
Throw: Throwing net      |     1 |     2 ||     3
 Stab: Held in net/web   |     2 |       ||     2
Armor: Leather armour    |    11 |     3 ||    14
Dodge: Dodged            |    22 |     4 ||    26
       Rpst.: Long sword |     8 |     1 ||     9
